 Dungeon Crawl Stone Soup version 0.23.1 (webtiles) character file.

Game seed: 390458500714504458

3 Irenicus the Ducker (level 1, -2/20 HPs)
             Began as a Gnoll Wanderer on Mar 11, 2019.
             Slain by a hobgoblin (5 damage)
             ... on level 1 of the Dungeon.
             The game lasted 00:00:51 (80 turns).

Irenicus the Ducker (Gnoll Wanderer)                  Turns: 80, Time: 00:00:52

Health: -2/20      AC:  3    Str: 13    XL:     1   Next: 50%
Magic:  3/3        EV: 15    Int: 14    God:
Gold:   10         SH:  0    Dex: 15    Spells: 0/0 levels left

rFire    . . .     SeeInvis .   a - +2 quarterstaff
rCold    . . .     Gourm    .   (shield currently unavailable)
rNeg     . . .     Faith    .   e - +0 leather armour
rPois    .         Spirit   .   (no helmet)
rElec    .         Reflect  .   (no cloak)
rCorr    .         Harm     .   (no gloves)
MR       .....                  (no boots)
Stlth    ++........             (no amulet)
HPRegen  0.06/turn              (no ring)
MPRegen  0.08/turn              (no ring)

@: no status effects
A: distributed training, fangs 1, strong nose
a: no special abilities


You were on level 1 of the Dungeon.
You were not hungry.

You visited 1 branch of the dungeon, and saw 1 of its levels.

You collected 10 gold pieces.

Inventory:

Hand Weapons
 a - a +2 quarterstaff (weapon)
Armour
 d - a +0 robe
 e - a +0 leather armour (worn)
   (You found it on level 1 of the Dungeon)
Scrolls
 b - a scroll of teleportation
 g - a scroll of enchant weapon {unknown}
Potions
 c - a potion of curing
Comestibles
 f - a ration


   Skills:
 + Level 4.4 Fighting
 + Level 2.3 Short Blades
 + Level 0.0 Long Blades
 + Level 0.0 Axes
 + Level 0.0 Maces & Flails
 + Level 0.0 Polearms
 + Level 2.3 Staves
 + Level 0.0 Slings
 + Level 0.0 Bows
 + Level 0.0 Crossbows
 + Level 0.0 Throwing
 + Level 0.0 Armour
 + Level 6.4 Dodging
 + Level 2.1 Stealth
 + Level 0.0 Shields
 + Level 0.0 Unarmed Combat
 + Level 0.0 Spellcasting
 + Level 0.0 Conjurations
 + Level 0.0 Hexes
 + Level 0.0 Charms
 + Level 0.0 Summonings
 + Level 0.0 Necromancy
 + Level 0.0 Translocations
 + Level 0.0 Transmutations
 + Level 0.0 Fire Magic
 + Level 0.0 Ice Magic
 + Level 0.0 Air Magic
 + Level 0.0 Earth Magic
 + Level 0.0 Poison Magic
 + Level 0.1 Invocations
 + Level 4.4 Evocations


You couldn't memorise any spells.
You didn't know any spells.
Your spell library was empty.

Dungeon Overview and Level Annotations

Branches:
Dungeon (1/15)

Altars:


Innate Abilities, Weirdness & Mutations

Your experience applies equally to all skills.
You have very sharp teeth.
Your uncanny sense of smell can sniff out nearby items.


Message History

Welcome, Irenicus the Gnoll Wanderer.
Will you be the one to retrieve the fabulous Orb of Zot from the depths?
Found a leather armour.
Found a staircase leading out of the dungeon.
You begin with the following items: a +2 quarterstaff, a scroll of teleportation, a potion of curing, a +0 robe, a ration.
Okay, then.
You see here a leather armour.
e - a leather armour Wear which item? (? for menu, Esc to quit)
You start removing your armour.
You continue taking off your +0 robe. x4
You finish taking off your +0 robe.
You start putting on your armour.
You continue putting on your leather armour. x5
You finish putting on your +0 leather armour.
A bat comes into view.
The bat hits you.
You take 1 damage, and have 19/20 hp.
The bat closely misses you.
Health restored: 20 You sock the bat!
You kill the bat!
g - a scroll labeled TOIFIF AGUTH A bat comes into view.
Found a stone staircase leading down.
The bat misses you. The bat barely misses you.
A goblin comes into view.
The goblin shouts!
The bat misses you. The bat completely misses you.
You see here 10 gold pieces.
You now have 10 gold pieces.
The bat hits you.
You take 1 damage, and have 19/20 hp.
The bat hits you but does no damage. The goblin barely misses you.
You barely miss the bat. Your bite misses the bat. The bat closely misses you.
The goblin misses you.
You closely miss the goblin. Your bite misses the goblin.
The bat completely misses you. The goblin closely misses you.
You closely miss the goblin. The bat barely misses you. The goblin misses you.
A rat comes into view.
The goblin hits you.
You take 3 damage, and have 16/20 hp.
You sock the goblin!
You kill the goblin!
The bat closely misses you.
There is a stone staircase leading down here.
You sock the rat!
You kill the rat!
The bat closely misses you. The bat closely misses you.
You see here a rat corpse.
You barely miss the bat. The bat hits you but does no damage. x2
You barely miss the bat. The bat completely misses you. The bat hits you.
You take 1 damage, and have 15/20 hp.
You closely miss the bat. The bat completely misses you.
The bat closely misses you. The bat misses you. The bat barely misses you.
You see here 26 arrows.
You thump the bat!
You kill the bat!
A gnoll comes into view. It is wielding a +0 club.
The gnoll shouts!
You hear a shout!
A kobold comes into view. It is wielding a +0 whip.
A hobgoblin comes into view.
The kobold shouts!
You closely miss the gnoll. The gnoll hits you with a +0 club.
You take 4 damage, and have 12/20 hp.
You hit the gnoll. The gnoll hits you with a +0 club.
The gnoll closely misses you.
You take 4 damage, and have 8/20 hp.
You hit the gnoll. The gnoll hits you with a +0 club.
* * * LOW HITPOINT WARNING * * *
You take 6 damage, and have 2/20 hp.
MASSIVE DAMAGE!!
You hit the hobgoblin but do no damage. The hobgoblin completely misses you.
Okay, then.
Wield which item (- for none, * to show all)? (? for menu, Esc to quit)
Okay, then.
You barely miss the hobgoblin. The hobgoblin hits you.
You die...

##############.#.#.......
.................#.......
########.......###.....#
............#..........#
###########.##†##.......
##### #...>†.(.....#
....# ####.........#
....# ##.#.###..# ....#
#.#..@gg.# ......
......###K.# .######
###.#.. #..... .# #....
#.....# .. #######......#
## ......... .........
....#.!..


You could see a gnoll, a hobgoblin and a kobold.

Vanquished Creatures
  2 bats (D:1)
  A goblin (D:1)
  A rat (D:1)
4 creatures vanquished.

Notes
Turn   | Place    | Note
-------+----------+-------------------------------------------
     0 | D:1      | Irenicus the Gnoll Wanderer began the quest for the Orb.
     0 | D:1      | Irenicus set off with the following items: a +2
                  | quarterstaff, a scroll of teleportation, a potion of
                  | curing, a +0 robe, a ration
     0 | D:1      | Reached XP level 1. HP: 20/20 MP: 3/3
    77 | D:1      | HP: 2/20 [gnoll/+0 club (6)]
    80 | D:1      | Slain by a hobgoblin

Action                   || total
-------------------------++-------
Melee: Quarterstaff      ||    15
Armor: Leather armour    ||     3
Dodge: Dodged            ||    22

Levels and vault maps discovered:
D:1:      co_arrival_square_in_a_square_in_a_square, layout_basic,
          evilmike_ruin_ashenzari

Table legend:
 A = Turns spent in this place as a percentage of turns spent in the entire game.
 B = Non-inter-level travel turns spent in this place as a percentage of non-inter-level travel turns spent in the entire game.
 C = Inter-level travel turns spent in this place as a percentage of turns spent in this place.
 D = Turns resting spent in this place as a percentage of non-inter-level travel turns spent in this place.
 E = Turns spent auto-exploring this place as a percentage of non-inter-level travel turns spent in this place.
 F = Non-inter-level travel turns spent in this place divided by the number of levels of this place that you've seen.
                   A       B       C       D       E      F
               +-------+-------+-------+-------+-------+----------------------
         Total | 100.0 | 100.0 |   0.0 |   0.0 |   0.0 |  80.0
       Dungeon | 100.0 | 100.0 |   0.0 |   0.0 |   0.0 |  80.0
               +-------+-------+-------+-------+-------+----------------------

Table legend:
 A = Kills in this place as a percentage of kills in entire the game.
 B = Kills by you in this place as a percentage of kills by you in the entire game.
 C = Kills by friends in this place as a percentage of kills by friends in the entire game.
 D = Other kills in this place as a percentage of other kills in the entire game.
 E = Experience gained in this place as a percentage of experience gained in the entire game.
 F = Experience gained in this place divided by the number of levels of this place that you have seen.
                   A       B       C       D       E      F
               +-------+-------+-------+-------+-------+----------------------
         Total | 100.0 | 100.0 |   N/A |   N/A | 100.0 |   5.0
       Dungeon | 100.0 | 100.0 |   N/A |   N/A | 100.0 |   5.0
               +-------+-------+-------+-------+-------+----------------------
